 Dungeon Crawl Stone Soup version 0.22-a0-417-g1387785 (webtiles) character file.

51 Borgoz the Skirmisher (level 3, 0/24 HPs)
             Began as a Gargoyle Abyssal Knight on May 14, 2018.
             Was a Follower of Lugonu.
             Slain by a worm (4 damage)
             ... on level 2 of the Dungeon.
             The game lasted 00:01:30 (782 turns).

Borgoz the Skirmisher (Gargoyle Abyssal Knight)      Turns: 782, Time: 00:01:31

Health: 0/24       AC:  6    Str: 15    XL:     3   Next: 83%
Magic:  4/4        EV: 11    Int: 12    God:    Lugonu [*.....]
Gold:   56         SH:  0    Dex: 10    Spells: 2/2 levels left

rFire    . . .     SeeInvis .   a - +1 hand axe
rCold    . . .     Gourm    .   (no shield)
rNeg     + . .     Faith    .   b - +0 leather armour
rPois    ∞         Spirit   .   (no helmet)
rElec    +         Reflect  .   (no cloak)
rCorr    .         Harm     .   (no gloves)
MR       .....                  (no boots)
Stlth    +.........             (no amulet)
HPRegen  0.08/turn              (no ring)
MPRegen  0.09/turn              (no ring)

@: no status effects
A: negative energy resistance 1, electricity resistance, unbreathing,
petrification resistance, rot immunity, AC +3
a: Depart the Abyss, Renounce Religion


You were on level 2 of the Dungeon.
You worshipped Lugonu.
Lugonu was aware of your devotion.
You were not hungry.

You visited 1 branch of the dungeon, and saw 2 of its levels.
You visited the Abyss 1 time.

You collected 56 gold pieces.

Inventory:

Hand Weapons
 a - a +1 hand axe (weapon)
Armour
 b - a +0 leather armour (worn)
Scrolls
 e - a scroll of identify {unknown}
 f - a scroll of blinking {unknown}
 h - a scroll of amnesia {unknown}
Potions
 d - a potion of magic {unknown}
 g - a potion of flight {unknown}
 i - 2 potions of brilliance {unknown}
Comestibles
 c - 2 rations
 j - a chunk of flesh


   Skills:
 + Level 4.1 Fighting
 + Level 2.6 Axes
 + Level 2.5 Armour
 + Level 1.0 Dodging
 + Level 2.1 Invocations


You had 2 spell levels left.
You didn't know any spells.
Your spell library was empty.

Dungeon Overview and Level Annotations

Branches:
Dungeon (2/15)

Altars:
Dithmenos


Innate Abilities, Weirdness & Mutations

You are resistant to torment.
Your stone body is resilient. (AC +3)
You are immune to poison.
You resist negative energy. (rN+)
You are resistant to electric shocks. (rElec)
You can survive without breathing.
You are immune to petrification.
You are immune to rotting.


Message History

The worm bites you.
You are too injured to fight recklessly!
You are too injured to fight recklessly!
You are too injured to fight recklessly!
You are too injured to fight recklessly!
You hit the worm but do no damage.
The worm is lightly wounded.
You hit the worm.
The worm is heavily wounded.
The worm bites you.
* * * LOW HITPOINT WARNING * * *
You barely miss the worm.
The worm is moderately wounded.
The worm barely misses you.
You completely miss the worm.
The worm is moderately wounded.
You slash the worm!
The worm is severely wounded.
The worm bites you.
You die...

#.......##.#####...
#......†##........#
#....§.§##.<...#
#....§§§§†.....#
##...#§§§.......#
###..##§.........#
#....##..##......?.
#..#.....##.........
..#.@###............
.......w.......#####...
.....?...........
...............###
##..##.........# #.#
######..... ... ##.. .#
.(


You could see a worm.

Vanquished Creatures
  2 oozes
  4 dart slugs (D:1)
  A leopard gecko (D:2)
  4 giant cockroaches
  4 goblins
  A hobgoblin (D:1)
  3 jackals (D:1)
  6 bats
  2 frilled lizards (D:1)
  2 kobolds (D:1)
  4 rats
33 creatures vanquished.

Notes
Turn   | Place    | Note
-------+----------+-------------------------------------------
     0 | Abyss:1  | Borgoz the Gargoyle Abyssal Knight began the quest for the Orb.
     0 | Abyss:1  | Reached XP level 1. HP: 14/14 MP: 2/2
     8 | Abyss:1  | Found a corrupted altar of Lugonu.
    38 | Abyss:1  | Noticed a raiju
    39 | D:1      | Escaped the Abyss
   134 | D:1      | Reached * piety under Lugonu
   138 | D:1      | Reached XP level 2. HP: 17/19 MP: 3/3
   213 | D:1      | Reached XP level 3. HP: 11/24 MP: 4/4
   269 | D:1      | Reached skill level 4 in Fighting
   737 | D:2      | Found a shadowy altar of Dithmenos.
   756 | D:2      | Reached skill level 1 in Dodging
   782 | D:2      | Slain by a worm

Vault maps used:
D:1:      lightli_arrival_statuegarden, grunt_decor_resistance, st_stairs_6
D:2:      grunt_dithmenos_smoke, nicolae_tso_swordbearing_angel,
          overflow_temple_1_default
Abyss:1:  gammafunk_corrupted_shrine, hangedman_abyss_shoalhut

Skill      XL: |  1  2  3 |
---------------+----------+-----
Axes           | 2 |  2.6
Fighting       | 4 |  4.1
Dodging        | 1 |  1.0
Armour         | |  2.5
Invocations    | |  2.1

Action                   || total
-------------------------++-------
Melee: Hand axe          ||    92
Invok: Depart the Abyss  ||     1
Armor: Leather armour    ||    34
Dodge: Dodged            ||    59

Table legend:
 A = Spawn XP
 B = Non-spawn XP
 C = Spawn XP percentage of total XP
 D = Spawn monster count
 E = Non-spawn monster count
 F = Spawn count percentage of total count
 G = Total turns spent on level
                    A         B        C        D         E        F      G
               +---------+---------+-------+---------+---------+-------+---------
         Total |       0 |      74 |   0.0 |       0 |      33 |   0.0 |   782
               +---------+---------+-------+---------+---------+-------+---------
           D:1 |       0 |      56 |   0.0 |       0 |      26 |   0.0 |   698
           D:2 |       0 |      18 |   0.0 |       0 |       7 |   0.0 |    45
               +---------+---------+-------+---------+---------+-------+---------
